 Dungeon Crawl Stone Soup version 0.29.1-15-g9cfb28693d (webtiles) character file.

Game seed: 252680460519862502

1880 Peloso the Protected (level 8, -2/70 HPs)
             Began as a Minotaur Fighter on Apr 22, 2023.
             Slain by an iguana (8 damage)
             ... on level 7 of the Dungeon.
             The game lasted 00:08:33 (5671 turns).

Peloso the Protected (Minotaur Fighter)             Turns: 5671, Time: 00:08:34

Health: -2/70      AC: 14    Str: 21    XL:     8   Next: 91%
Magic:  7/7        EV:  8    Int:  5    God:
Gold:   383        SH:  5    Dex: 12    Spells: 7/7 levels left

rFire   . . .      SeeInvis .   a - +0 long sword
rCold   . . .      Faith    .   c - +0 buckler
rNeg    . . .      Spirit   .   r - +0 chain mail
rPois   .          Reflect  .   (helmet restricted)
rElec   .          Harm     .   (no cloak)
rCorr   .          Rampage  .   q - +1 pair of gloves
Will    .....                   D - +0 pair of boots
Stlth   ..........              (no amulet)
HPRegen 0.21/turn               n - ring of flight
MPRegen 0.10/turn               (no ring)

@: flying, slowed, very slow
A: horns 2, retaliatory headbutt
a: no special abilities


You were on level 7 of the Dungeon.
You visited 1 branch of the dungeon, and saw 7 of its levels.

You collected 383 gold pieces.

Inventory:

Hand Weapons
 a - a +0 long sword (weapon)
 b - a +1 whip of flaming
Missiles
 y - a throwing net (quivered)
Armour
 c - a +0 buckler (worn)
 q - a +1 pair of gloves (worn)
 r - a +0 chain mail (worn)
 D - a +0 pair of boots (worn)
Jewellery
 n - a ring of flight (left hand)
Wands
 p - a wand of paralysis (7)
Scrolls
 f - 7 scrolls of identify {unknown}
 h - 2 scrolls of amnesia {unknown}
 i - a scroll of brand weapon {unknown}
 j - 2 scrolls of blinking {unknown}
 m - a scroll of torment {unknown}
 o - 2 scrolls of teleportation {unknown}
 s - a scroll of immolation {unknown}
 u - a scroll of noise {unknown}
 w - a scroll of poison {unknown}
 x - a scroll of enchant armour {unknown}
 z - 2 scrolls of enchant weapon {unknown}
 A - a scroll of magic mapping {unknown}
 B - a scroll of vulnerability {unknown}
Potions
 d - 3 potions of might
 e - a potion of curing
 g - 2 potions of mutation {unknown}
 k - 2 potions of flight {unknown}
 l - 2 potions of heal wounds {unknown}
 t - a potion of brilliance {unknown}
 v - a potion of invisibility
 C - a potion of lignification {unknown}


   Skills:
 + Level 5.9 Fighting
 + Level 6.0(7.0) Short Blades
 + Level 5.8(7.2) Long Blades
 + Level 8.3 Armour
 + Level 1.6 Dodging
 + Level 1.7 Stealth
 + Level 6.2 Shields
 + Level 0.1 Evocations


You had 7 spell levels left.
You didn't know any spells.
Your spell library contained the following spells:

 Spells                   Type           Power      Damage    Failure   Level
 Magic Dart               Conj           0%         1d3       99%         1
 Searing Ray              Conj           0%         2d4       100%        2
 Fulminant Prism          Conj/Hex       0%         3d6       100%        4


Dungeon Overview and Level Annotations

Branches:
Dungeon (7/15)
 Temple: D:4-7

Altars:
Fedhas
Makhleb
Nemelex Xobeh
Qazlal
Sif Muna
Xom


Innate Abilities, Weirdness & Mutations

You have a pair of horns on your head.
You reflexively headbutt those who attack you in melee.


Message History

* * * LOW HITPOINT WARNING * * *
You are more poisoned.
You feel as though you will be slow longer.
The iguana bites you.
* * * LOW HITPOINT WARNING * * *
The iguana bites you but does no damage.
* * * LOW HITPOINT WARNING * * *
You feel very sick.
The hornet stings you but does no damage.
The iguana bites you but does no damage.
The iguana barely misses you. The hornet stings you.
* * * LOW HITPOINT WARNING * * *
You feel as though you will be slow longer.
You can move again.
You feel better. The hornet barely misses you. You furiously retaliate!
You headbutt the hornet.
The iguana bites you but does no damage.
You block the iguana's attack. The hornet stings you!
* * * LOW HITPOINT WARNING * * *
You are lethally poisoned!
You feel as though you will be slow longer.
The iguana bites you but does no damage.
The iguana misses you.
You feel better. You block the hornet's attack. The hornet barely misses you.
The iguana bites you.
* * * LOW HITPOINT WARNING * * *
The iguana bites you.
* * * LOW HITPOINT WARNING * * *
Unknown command.
You hit the hornet but do no damage.
The hornet is lightly wounded.
The hornet barely misses you. You furiously retaliate!
You headbutt the hornet, but do no damage.
The hornet stings you!
* * * LOW HITPOINT WARNING * * *
You feel as though you will be slow longer.
The iguana completely misses you. The iguana closely misses you.
The hornet stings you but does no damage.
The iguana bites you!
You die...

##....# ..
##...## ...
##...#####...
##....#.....
#........$.
##........#
##.......#
#.......##
#.l@....#
#...yl....#
#...........#
............#
............#
............#
..#####.....#
## ##.....


You could see a hornet and 2 iguanas.

Vanquished Creatures
  Pikel (D:5)
  Grinder (D:3)
  A water moccasin (D:6)
  2 black bears (D:6)
  A centaur (D:6)
  A phantom (D:5)
  3 lemures
  A scorpion (D:5)
  3 necrophages
  A crimson imp (D:5)
  2 orc priests (D:5)
  2 hounds (D:5)
  2 jellies (D:6)
  A gnoll bouda (D:5)
  An iguana (D:5)
  4 orc wizards
  4 gnolls (D:5)
  5 adders
  A shadow imp (D:6)
  A white imp (D:6)
  An ufetubus (D:6)
  A worm (D:2)
  4 dart slugs
  12 orcs
  6 endoplasms
  3 giant cockroaches (D:1)
  4 goblins
  10 hobgoblins
  6 jackals (D:1)
  2 quokkas (D:2)
  2 ball pythons (D:3)
  2 bats
  4 frilled lizards
  5 kobolds
  4 rats (D:2)
104 creatures vanquished.

Notes
Turn   | Place    | Note
-------+----------+-------------------------------------------
     0 | D:1      | Peloso the Minotaur Fighter began the quest for the Orb.
     0 | D:1      | Reached XP level 1. HP: 19/19 MP: 0/0
   294 | D:1      | Reached XP level 2. HP: 27/27 MP: 1/1
   353 | D:1      | Reached skill level 4 in Armour
   691 | D:1      | Reached XP level 3. HP: 32/33 MP: 2/2
  1077 | D:2      | Found a blossoming altar of Fedhas.
  1305 | D:2      | Found a faded altar of an unknown god.
  1937 | D:3      | Reached XP level 4. HP: 40/40 MP: 3/3
  2147 | D:3      | Noticed Grinder
  2155 | D:3      | Paralysed by Grinder for 2 turns
  2161 | D:3      | Paralysed by Grinder for 4 turns
  2189 | D:3      | Killed Grinder
  2190 | D:3      | Reached skill level 5 in Armour
  2190 | D:3      | Reached skill level 1 in Dodging
  2190 | D:3      | Reached skill level 1 in Stealth
  2190 | D:3      | Reached XP level 5. HP: 41/47 MP: 4/4
  2190 | D:3      | Reached XP level 6. HP: 46/53 MP: 5/5
  2394 | D:3      | Reached skill level 5 in Long Blades
  2839 | D:4      | Found a stormy altar of Qazlal.
  3104 | D:5      | Entered Level 5 of the Dungeon
  3109 | D:5      | Identified the +9 dagger of Ypipot {vorpal, Stlth+}
  3376 | D:5      | Reached skill level 1 in Short Blades
  3399 | D:5      | Reached XP level 7. HP: 57/60 MP: 6/6
  3452 | D:5      | Found a sparkling altar of Nemelex Xobeh.
  3519 | D:5      | Reached skill level 6 in Armour
  3692 | D:5      | Found a burning altar of Makhleb.
  3692 | D:5      | Found a shimmering altar of Xom.
  3967 | D:5      | Reached skill level 5 in Fighting
  4100 | D:6      | Reached skill level 5 in Shields
  4100 | D:6      | Reached XP level 8. HP: 65/68 MP: 7/7
  4246 | D:6      | Reached skill level 7 in Armour
  4530 | D:6      | Reached skill level 5 in Short Blades
  4746 | D:6      | Identified the +4 robe of Xoaviesa {+Inv Regen+}
  4768 | D:6      | Identified the +1 leather armour "Ricighoxt" {Int+2}
  5039 | D:4      | Noticed Pikel
  5093 | D:5      | Killed Pikel
  5094 | D:5      | Reached skill level 8 in Armour
  5554 | D:4      | Found a shimmering blue altar of Sif Muna.
  5658 | D:7      | Noticed a hornet
  5666 | D:7      | Paralysed by a hornet for 3 turns
  5671 | D:7      | Slain by an iguana

Illustrated notes

Levels and vault maps discovered:
D:1:      elethiomel_arrival_infinity_welcomes_careful_drivers,
          layout_loops_ring
D:2:      layout_basic, basic_altar, ebering_ecumenical_altar_sacrificial,
          feat_on_display
D:3:      layout_basic, uniq_grinder
D:4:      layout_cave_pools, tgw_sif, grunt_qazlal_sundering,
          mrwooster_statue_mirror, nrook_campfire, uniq_pikel
D:5:      layout_rooms, grunt_temple_overflow_champion_of_chaos,
          nemelex_xobeh_ov_fountains_minmay
D:6:      nicolae_whirlpool, layout_basic
D:7:      layout_layer_cave, minmay_temple_entry_statues

Skill      XL: |  1  2  3  4  5  6  7  8 |
---------------+-------------------------+-----
Armour         | 4 5 6 8 |  8.3
Fighting       | 4 5 |  5.9
Shields        | 4 5 6 |  6.2
Long Blades    | 3 4 5 |  5.8
Dodging        | 1 |  1.6
Stealth        | 1 |  1.7
Short Blades   | 2 4 6 |  6.0
Evocations     | |  0.1

Action                   |  1- 3 |  4- 6 |  7- 9 || total
-------------------------+-------+-------+-------++-------
Melee: Long sword        |   109 |    46 |    21 ||   176
       Headbutt          |    17 |     9 |    23 ||    49
       Dagger            |       |    41 |   114 ||   155
Evoke: Wand              |       |     1 |       ||     1
  Use: Potion            |     1 |       |     4 ||     5
 Stab: Paralysed         |       |     4 |       ||     4
Armor: Scale mail        |    59 |    18 |       ||    77
       Chain mail        |       |    40 |    90 ||   130
Dodge: Dodged            |    37 |    27 |    50 ||   114
Block: Buckler           |    20 |    14 |    42 ||    76
